cohdb
Replays
Latest Replays
All Replays
Popular Replays
Top Player Replays
Match Explorer
How It Works
Community
CoH3 Stats
Reddit
Sign in to upload your games and track your stats! →
Sign in with Steam
Match 36186547
Unlisted
Match 36186547
Overview
Messages
Build Orders
End
Selects Battlefield Espionage Battlegroup
Panzergrenadier Squad
Panzergrenadier Squad
Panzergrenadier Squad
250 Light Carrier
Construct Light Support Kompanie
Selects 250/3 Funkpanzerwagen
Selects Intel Disruption Beacon
2.5-tonne Medical Truck
Fire Support Elements
le.IG 18 Mechanized Group
Veteran Squad Leaders
Vehicle Survival Package
Selects Advanced Ambush Training
Advanced Field Repairs
Combat Half-tracks
Construct Panzerarmee Kommand
Selects Operation Skorpion
Armored Reserves
Selects Plunder
Tiger Heavy Tank
Breizhell [FR]
Good day
Tigerace2018
Bruistablet
0
0
Comments
sign in to comment!
No comments posted yet!